NYP
MINNESOTA (NYP) TWINS @ SPOKANE INDIANS
05/16/2045
 
TOP OF THE 1ST
Minnesota (NYP) Twins batting - Pitching for Spokane Indians : RHP Shan-tang Chi
Pitching: RHP Shan-tang Chi
Batting: LHB Chris Munguia 0-0: Fly out, F9 (Flyball, 89D, EV 81.2 MPH)
Batting: RHB Sean Gould 0-0: Foul Ball, location: 2F
0-1: Ball
1-1: Ball
2-1: Ball
3-1: Foul Ball, location: 2F
3-2: Strikes out swinging
Batting: SHB Ian Thompson 0-0: Foul Ball, location: 2F
0-1: Foul Ball, location: 2F
0-2: Fly out, F6 (Line Drive, 4, EV 66.2 MPH)
Top of the 1st over - 0 runs, 0 hits, 0 errors, 0 left on base; Minnesota (NYP) 0 - Spokane 0
BOTTOM OF THE 1ST
Spokane Indians batting - Pitching for Minnesota (NYP) Twins : RHP Dean Huch
Pitching: RHP Dean Huch
Batting: LHB Jose Baez 0-0: Ball
1-0: Ball
2-0: SINGLE (Groundball, 6MS, EV 67.5 MPH) (infield hit)
Batting: RHB George King 0-0: Ball
1-0: Fly out, F8 (Flyball, 8LS, EV 91.9 MPH)
Batting: LHB William Hanley 0-0: Ball
Jose Baez is caught stealing 2nd base 2-6
1-0: Foul Ball, location: 2F
1-1: SOLO HOME RUN (Flyball, 9D, EV 91.9 MPH), Distance : 358 ft
Batting: RHB Roberto Contreras 0-0: Called Strike
0-1: Fly out, F3 (Popup, 3SF, EV 74.4 MPH)
Bottom of the 1st over - 1 run, 2 hits, 0 errors, 0 left on base; Minnesota (NYP) 0 - Spokane 1
TOP OF THE 2ND
Minnesota (NYP) Twins batting - Pitching for Spokane Indians : RHP Shan-tang Chi
Batting: RHB Michael McDonald 0-0: Foul Ball, location: 2F
0-1: Ball
1-1: Called Strike
1-2: Strikes out swinging
Batting: RHB Willie Jimenez 0-0: Ground out 5-3 (Groundball, 56, EV 78.8 MPH)
Batting: LHB Seung-jun Chang 0-0: Ball
1-0: Foul Ball, location: 2F
1-1: Swinging Strike
1-2: Ball
2-2: Strikes out looking
Top of the 2nd over - 0 runs, 0 hits, 0 errors, 0 left on base; Minnesota (NYP) 0 - Spokane 1
BOTTOM OF THE 2ND
Spokane Indians batting - Pitching for Minnesota (NYP) Twins : RHP Dean Huch
Batting: RHB Shoh Tanioka 0-0: Called Strike
0-1: Called Strike
0-2: Ball
1-2: Strikes out swinging
Batting: LHB Justin Covington 0-0: Foul Ball, location: 2F
0-1: Ball
1-1: Foul Ball, location: 2F
1-2: Ground out 4-3 (Groundball, 4S, EV 88.8 MPH)
Batting: RHB Dale Aubrey 0-0: Swinging Strike
0-1: Fly out, F9 (Flyball, 89S, EV 90.0 MPH)
Bottom of the 2nd over - 0 runs, 0 hits, 0 errors, 0 left on base; Minnesota (NYP) 0 - Spokane 1
TOP OF THE 3RD
Minnesota (NYP) Twins batting - Pitching for Spokane Indians : RHP Shan-tang Chi
Batting: RHB Gustavo Pacheco 0-0: Ball
1-0: Foul Ball, location: 2F
1-1: Ball
2-1: Ground out 4-3 (Groundball, 4, EV 86.9 MPH)
Batting: SHB Donell Burney 0-0: Called Strike
0-1: Swinging Strike
0-2: Strikes out swinging
Batting: RHB Alex Loaiza 0-0: Called Strike
0-1: Called Strike
0-2: Ball
1-2: Strikes out looking
Top of the 3rd over - 0 runs, 0 hits, 0 errors, 0 left on base; Minnesota (NYP) 0 - Spokane 1
BOTTOM OF THE 3RD
Spokane Indians batting - Pitching for Minnesota (NYP) Twins : RHP Dean Huch
Batting: RHB Gavin Fimple 0-0: Ball
1-0: Ball
2-0: Called Strike
2-1: Foul Ball, location: 2F
2-2: Ball
3-2: Foul Ball, location: 2F
3-2: Foul Ball, location: 2F
3-2: Foul Ball, location: 2F
3-2: SINGLE (Groundball, 4MD, EV 98.8 MPH)
Batting: RHB Dennis Daniels 0-0: Ball
1-0: Ball
2-0: Foul Ball, location: 2F
2-1: Called Strike
2-2: Hit by Pitch
Gavin Fimple to second
Batting: LHB Jose Baez 0-0: Ball
1-0: Ball
2-0: Ball
3-0: Base on Balls
Gavin Fimple to third
Dennis Daniels to second
Batting: RHB George King 0-0: Ball
1-0: Foul Ball, location: 2F
1-1: Called Strike
1-2: Strikes out swinging
Batting: LHB William Hanley 0-0: Ball
1-0: Ball
Wild Pitch!
Gavin Fimple scores
Dennis Daniels to third
Jose Baez to second
2-0: Foul Ball, location: 2F
2-1: Called Strike
2-2: Ball
Wild Pitch!
Dennis Daniels scores
Jose Baez to third
3-2: SINGLE (Flyball, 8LS, EV 91.9 MPH)
Jose Baez scores
Batting: RHB Roberto Contreras 0-0: Grounds into double play, 5-4-3 (Groundball, 5, EV 88.1 MPH)
Bottom of the 3rd over - 3 runs, 2 hits, 0 errors, 0 left on base; Minnesota (NYP) 0 - Spokane 4
TOP OF THE 4TH
Minnesota (NYP) Twins batting - Pitching for Spokane Indians : RHP Shan-tang Chi
Batting: LHB Chris Munguia 0-0: Ball
1-0: Ground out 6-3 (Groundball, 6, EV 79.4 MPH)
Batting: RHB Sean Gould 0-0: Ball
1-0: DOUBLE (Flyball, 8LXD, EV 93.1 MPH)
Batting: SHB Ian Thompson 0-0: Foul Ball, location: 2F
0-1: Reached on error, E5 (Groundball, 56, EV 85.6 MPH)
Sean Gould to third
Batting: RHB Michael McDonald 0-0: Ball
1-0: Ball
2-0: Foul Ball, location: 2F
2-1: Fly out, F9 (Line Drive, 9D, EV 107.5 MPH)
Batting: RHB Willie Jimenez 0-0: Called Strike
0-1: Ball
1-1: Called Strike
1-2: Strikes out swinging
Top of the 4th over - 0 runs, 1 hit, 1 error, 2 left on base; Minnesota (NYP) 0 - Spokane 4
BOTTOM OF THE 4TH
Spokane Indians batting - Pitching for Minnesota (NYP) Twins : RHP Dean Huch
Batting: RHB Shoh Tanioka 0-0: Ball
1-0: Called Strike
1-1: Ball
2-1: Called Strike
2-2: Ball
3-2: Base on Balls
Batting: LHB Justin Covington 0-0: Swinging Strike
0-1: Foul Ball, location: 2F
0-2: TRIPLE (Flyball, 78XD, EV 99.4 MPH)
Shoh Tanioka scores
Pitching: LHP Mike Horton
Batting: RHB Dale Aubrey 0-0: Called Strike
0-1: Ball
1-1: Ball
2-1: Foul Ball, location: 2F
2-2: Ball
3-2: Foul Ball, location: 2F
3-2: Base on Balls
Batting: RHB Gavin Fimple 0-0: Fielders Choice at 2nd, 6-4 (Groundball, 6M, EV 106.9 MPH)
Justin Covington scores
Batting: RHB Dennis Daniels 0-0: Called Strike
0-1: Ball
1-1: Called Strike
1-2: Ball
Gavin Fimple steals 2nd, throwing error, E2
Gavin Fimple to third
2-2: TRIPLE (Line Drive, 89XD, EV 100.6 MPH)
Gavin Fimple scores
Batting: LHB Jose Baez 0-0: Called Strike
0-1: SINGLE (Line Drive, 78S, EV 98.8 MPH)
Dennis Daniels scores
Batting: RHB George King 0-0: Called Strike
0-1: Ball
1-1: Hit by Pitch
Jose Baez to second
Batting: RHB Andrew Clarke 0-0: Ball
1-0: Grounds into double play, 4-6-3 (Groundball, 4S, EV 85.0 MPH)
Bottom of the 4th over - 4 runs, 3 hits, 1 error, 1 left on base; Minnesota (NYP) 0 - Spokane 8
TOP OF THE 5TH
Minnesota (NYP) Twins batting - Pitching for Spokane Indians : RHP Shan-tang Chi
Batting: LHB Seung-jun Chang 0-0: Called Strike
0-1: Hit by Pitch
Batting: RHB Gustavo Pacheco 0-0: Swinging Strike
0-1: Ball
1-1: Ball
Seung-jun Chang steals 2nd base
2-1: Fly out, F8 (Flyball, 89S, EV 90.6 MPH)
Batting: SHB Donell Burney 0-0: Ball
1-0: Foul Ball, location: 2F
1-1: Foul Ball, location: 2F
1-2: Strikes out swinging
Batting: RHB Alex Loaiza 0-0: Ground out 4-3 (Groundball, 4, EV 99.4 MPH)
Top of the 5th over - 0 runs, 0 hits, 0 errors, 1 left on base; Minnesota (NYP) 0 - Spokane 8
BOTTOM OF THE 5TH
Spokane Indians batting - Pitching for Minnesota (NYP) Twins : LHP Mike Horton
Batting: RHB Roberto Contreras 0-0: SOLO HOME RUN (Flyball, 9LD, EV 93.1 MPH), Distance : 333 ft
Batting: RHB Shoh Tanioka 0-0: DOUBLE (Groundball, 5L, EV 104.4 MPH)
Batting: LHB Justin Covington 0-0: Called Strike
0-1: Ground out U3 (Groundball, 3S, EV 85.0 MPH)
Shoh Tanioka to third
Batting: RHB Dale Aubrey 0-0: Called Strike
0-1: Ball
1-1: Foul Ball, location: 2F
1-2: Foul Ball, location: 2F
1-2: Strikes out swinging
Batting: RHB Gavin Fimple 0-0: Called Strike
0-1: Ball
1-1: Foul Ball, location: 2F
1-2: Ball
2-2: Ball
3-2: Base on Balls
Batting: RHB Dennis Daniels 0-0: Ball
1-0: Ball
2-0: Ball
3-0: Called Strike
3-1: Called Strike
3-2: SINGLE (Groundball, 6MD, EV 95.6 MPH)
Shoh Tanioka scores
Gavin Fimple to second
Gavin Fimple to third
Batting: LHB Jose Baez 0-0: Called Strike
0-1: Called Strike
0-2: Ball
1-2: Strikes out swinging
Bottom of the 5th over - 2 runs, 3 hits, 0 errors, 2 left on base; Minnesota (NYP) 0 - Spokane 10
TOP OF THE 6TH
Minnesota (NYP) Twins batting - Pitching for Spokane Indians : RHP Shan-tang Chi
Batting: LHB Chris Munguia 0-0: Fly out, F9 (Flyball, 9, EV 83.8 MPH)
Batting: RHB Sean Gould 0-0: Fly out, F9 (Line Drive, 9S, EV 93.1 MPH)
Batting: SHB Ian Thompson 0-0: Called Strike
0-1: Ground out 3-1 (Groundball, 34S, EV 84.4 MPH)
Top of the 6th over - 0 runs, 0 hits, 0 errors, 0 left on base; Minnesota (NYP) 0 - Spokane 10
BOTTOM OF THE 6TH
Spokane Indians batting - Pitching for Minnesota (NYP) Twins : LHP Mike Horton
Batting: RHB George King 0-0: Foul Ball, location: 2F
0-1: Ball
1-1: Ball
2-1: Ball
3-1: Swinging Strike
3-2: Base on Balls
Pitching: LHP Shi-fu Zhou
Batting: RHB Andrew Clarke 0-0: Foul Ball, location: 2F
0-1: Foul Ball, location: 2F
0-2: Ball
1-2: Foul Ball, location: 2F
1-2: Fly out, F9 (Flyball, 9LS, EV 86.2 MPH)
Batting: RHB Roberto Contreras 0-0: Called Strike
0-1: Hit by Pitch
George King to second
Batting: RHB Shoh Tanioka 0-0: Called Strike
0-1: Swinging Strike
0-2: Strikes out swinging
Pinch Hitting: RHB Josh Hamilton 0-0: Fly out, F9 (Flyball, 89S, EV 90.6 MPH)
Bottom of the 6th over - 0 runs, 0 hits, 0 errors, 2 left on base; Minnesota (NYP) 0 - Spokane 10
TOP OF THE 7TH
Minnesota (NYP) Twins batting - Pitching for Spokane Indians : RHP Shan-tang Chi
Now at 1B: Tony Mendez
Now in LF: Orlando Suarez
Now in CF: Dale Aubrey
Batting: RHB Michael McDonald 0-0: Called Strike
0-1: Foul Ball, location: 2F
0-2: Ball
1-2: Strikes out swinging
Batting: RHB Willie Jimenez 0-0: Foul Ball, location: 2F
0-1: Fly out, F8 (Line Drive, 8LD, EV 98.8 MPH)
Pinch Hitting: RHB Ben Berger 0-0: Called Strike
0-1: Ground out 6-3 (Groundball, 6M, EV 110.6 MPH)
Top of the 7th over - 0 runs, 0 hits, 0 errors, 0 left on base; Minnesota (NYP) 0 - Spokane 10
BOTTOM OF THE 7TH
Spokane Indians batting - Pitching for Minnesota (NYP) Twins : LHP Shi-fu Zhou
Now at 3B: Jose Nunez
Batting: RHB Dale Aubrey 0-0: Called Strike
0-1: SINGLE (Groundball, 6MD, EV 101.9 MPH)
Pinch Hitting: RHB Bill O'Neal 0-0: Ball
1-0: Ball
2-0: Foul Ball, location: 2F
2-1: SINGLE (Line Drive, 9S, EV 95.0 MPH)
Dale Aubrey to second
Pinch Hitting: LHB Takeo Nishiguchi 0-0: Ball
1-0: Fly out, F9 (Flyball, 89M, EV 92.5 MPH)
Batting: LHB Jose Baez 0-0: Foul Ball, location: 2F
0-1: Foul Ball, location: 2F
0-2: Foul Ball, location: 2F
0-2: Fly out, F9 (Flyball, 9D, EV 99.4 MPH)
Runner from 2nd tags up, SAFE at 3rd, no throw by RF
Pinch Hitting: RHB Jose Sisneros 0-0: Swinging Strike
0-1: Ball
1-1: Fielders Choice at 2nd, 5-4 (Groundball, 56, EV 84.4 MPH)
Bottom of the 7th over - 0 runs, 2 hits, 0 errors, 2 left on base; Minnesota (NYP) 0 - Spokane 10
TOP OF THE 8TH
Minnesota (NYP) Twins batting - Pitching for Spokane Indians : RHP Shan-tang Chi
Now at C: Lupe Covarrubias
Now at 2B: Jose Sisneros
Now at SS: Takeo Nishiguchi
Batting: RHB Gustavo Pacheco 0-0: Called Strike
0-1: Ball
1-1: Foul Ball, location: 2F
1-2: Foul Ball, location: 2F
1-2: Foul Ball, location: 2F
1-2: Strikes out swinging
Batting: SHB Donell Burney 0-0: Ground out 4-3 (Groundball, 4, EV 103.8 MPH)
Batting: RHB Alex Loaiza 0-0: Ball
1-0: Called Strike
1-1: Called Strike
1-2: Ball
2-2: Strikes out looking
Top of the 8th over - 0 runs, 0 hits, 0 errors, 0 left on base; Minnesota (NYP) 0 - Spokane 10
BOTTOM OF THE 8TH
Spokane Indians batting - Pitching for Minnesota (NYP) Twins : LHP Shi-fu Zhou
Batting: RHB Andrew Clarke 0-0: Called Strike
0-1: Ball
1-1: Ball
2-1: Fly out, F9 (Flyball, 9, EV 85.6 MPH)
Pinch Hitting: RHB Dongdo-pa Mai 0-0: Ball
1-0: Fly out, F9 (Flyball, 9LM, EV 96.2 MPH)
Pinch Hitting: SHB Lorenzo Rubio 0-0: SINGLE (Flyball, 3D, EV 98.1 MPH)
Pinch Hitting: RHB Robby Adair Pickoff Throw to First - Out! 1-3
Bottom of the 8th over - 0 runs, 1 hit, 0 errors, 0 left on base; Minnesota (NYP) 0 - Spokane 10
TOP OF THE 9TH
Minnesota (NYP) Twins batting - Pitching for Spokane Indians : RHP Shan-tang Chi
Now at 1B: Dan Tew
Now at 3B: Takeo Nishiguchi
Now at SS: Lorenzo Rubio
Now in LF: Robby Adair
Batting: LHB Chris Munguia 0-0: Ball
1-0: Fly out, F9 (Flyball, 9D, EV 100.6 MPH)
Batting: RHB Sean Gould 0-0: SINGLE (Groundball, 6MS, EV 66.2 MPH) (infield hit)
Pinch Hitting: RHB Ben Leiby 0-0: Ball
1-0: SINGLE (Groundball, 34D, EV 103.8 MPH) (infield hit)
Sean Gould to second
Batting: RHB Michael McDonald 0-0: Called Strike
0-1: Fielders Choice at 2nd, 6-4 (Groundball, 6M, EV 98.1 MPH)
Sean Gould to third
Batting: RHB Willie Jimenez 0-0: Ball
1-0: Called Strike
1-1: Ball
2-1: Foul Ball, location: 2F
2-2: Strikes out swinging
Top of the 9th over - 0 runs, 2 hits, 0 errors, 2 left on base; Minnesota (NYP) 0 - Spokane 10
Wednesday, June 22nd , 2022 - OOTP Baseball 23.4 Build 64